| TOP OF THE 1ST |
|
Sumter Gamecocks batting - Pitching for Anderson Rebels : LHP Bobby Sprowl
|
|
Pitching: LHP Bobby Sprowl
|
|
|
Batting: SHB John Cangelosi
|
0-0: Called Strike 0-1: Foul Ball, location: 2F 0-2: Strikes out swinging
|
|
Batting: LHB Antonio Tapia
|
0-0: Called Strike 0-1: Fly out, F7 (Flyball, 7S, EV 81.9 MPH)
|
|
Batting: RHB Randy Washington
|
0-0: Called Strike 0-1: Called Strike 0-2: Ball 1-2: Ball 2-2: DOUBLE (Groundball, 5L, EV 106.3 MPH)
|
|
Batting: RHB Kelly Gruber
|
0-0: Ball 1-0: Foul Ball, location: 2F 1-1: Ball 2-1: SINGLE (Groundball, 6MD, EV 97.5 MPH) Randy Washington to third Runner from 3rd tries for Home, SAFE, throw by CF to home
|
|
Batting: LHB Mark Gerard
|
0-0: Ball 1-0: Foul Ball, location: 2F 1-1: Ball 2-1: Fielders Choice at 2nd, U4 (Groundball, 4M, EV 82.5 MPH)
|
| Top of the 1st over - 1 run, 2 hits, 0 errors, 1 left on base; Sumter 1 - Anderson 0 |
| BOTTOM OF THE 1ST |
|
Anderson Rebels batting - Pitching for Sumter Gamecocks : LHP Gabe Diaz
|
|
Pitching: LHP Gabe Diaz
|
|
|
Batting: RHB Henry Cotto
|
0-0: Called Strike 0-1: Ball 1-1: Ball 2-1: Ball 3-1: Base on Balls
|
|
Batting: RHB Guillermo Montiel
|
0-0: Ball 1-0: DOUBLE (Flyball, 89XD, EV 95.0 MPH) Henry Cotto to third
|
|
Batting: RHB Mike Gallego
|
0-0: Ground out 5-3 (Groundball, 5S, EV 80.6 MPH)
|
|
Batting: RHB Steve Lombardozzi
|
0-0: Ball 1-0: Ball 2-0: Ball 3-0: Base on Balls
|
|
Batting: RHB Juan Blanco
|
0-0: Foul Ball, location: 2F 0-1: Ball 1-1: Called Strike 1-2: Strikes out swinging
|
|
Batting: LHB James Beck
|
0-0: Ball 1-0: Ball 2-0: Ball 3-0: Called Strike 3-1: Foul Ball, location: 2F 3-2: Base on Balls Henry Cotto scores Guillermo Montiel to third Steve Lombardozzi to second
|
|
Batting: LHB Dwight Lowry
|
0-0: Ball 1-0: SINGLE (Groundball, 4D, EV 98.1 MPH) Guillermo Montiel scores Steve Lombardozzi to third James Beck to second Runner from 3rd tries for Home, SAFE, throw by CF to home
|
|
Batting: RHB Roberto Dennis
|
0-0: Swinging Strike 0-1: Swinging Strike 0-2: Fielders Choice at 2nd, 5-4 (Groundball, 56, EV 89.4 MPH)
|
| Bottom of the 1st over - 3 runs, 2 hits, 0 errors, 2 left on base; Sumter 1 - Anderson 3 |
| TOP OF THE 2ND |
|
Sumter Gamecocks batting - Pitching for Anderson Rebels : LHP Bobby Sprowl
|
|
Batting: RHB Vaughn Calloway
|
0-0: Foul Ball, location: 2F 0-1: Ball 1-1: Ground out 4-3 (Groundball, 4D, EV 82.5 MPH)
|
|
Batting: RHB Jerry Hidalgo
|
0-0: Ball 1-0: Fly out, F9 (Flyball, 9LM, EV 95.6 MPH)
|
|
Batting: RHB Claude Johnson
|
0-0: Ball 1-0: Ball 2-0: Ball 3-0: Base on Balls
|
|
Batting: RHB Juan Hernandez
|
0-0: Ball 1-0: Ball 2-0: Called Strike 2-1: Ball 3-1: Foul Ball, location: 2F 3-2: Base on Balls Claude Johnson to second
|
|
Batting: SHB John Cangelosi
|
0-0: Ball 1-0: Called Strike 1-1: Foul Ball, location: 2F 1-2: Ball 2-2: Foul Ball, location: 2F 2-2: Foul Ball, location: 2F 2-2: SINGLE (Line Drive, 7S, EV 103.8 MPH) Claude Johnson to third Juan Hernandez to second Runner from 3rd tries for Home, SAFE, throw by LF to home
|
|
Batting: LHB Antonio Tapia
|
0-0: Foul Ball, location: 2F 0-1: Swinging Strike 0-2: Ball 1-2: Strikes out swinging
|
| Top of the 2nd over - 1 run, 1 hit, 0 errors, 2 left on base; Sumter 2 - Anderson 3 |
| BOTTOM OF THE 2ND |
|
Anderson Rebels batting - Pitching for Sumter Gamecocks : LHP Gabe Diaz
|
|
Batting: LHB Tad Venger
|
0-0: Ball 1-0: Called Strike 1-1: Ground out 1-3 (Groundball, 13S, EV 75.0 MPH)
|
|
Batting: RHB Henry Cotto
|
0-0: Ground out 6-3 (Groundball, 6, EV 88.8 MPH)
|
|
Batting: RHB Guillermo Montiel
|
0-0: Ball 1-0: Fly out, F7 (Flyball, 7, EV 90.0 MPH)
|
| Bottom of the 2nd over - 0 runs, 0 hits, 0 errors, 0 left on base; Sumter 2 - Anderson 3 |
| TOP OF THE 3RD |
|
Sumter Gamecocks batting - Pitching for Anderson Rebels : LHP Bobby Sprowl
|
|
Batting: RHB Randy Washington
|
0-0: Called Strike 0-1: Foul Ball, location: 2F 0-2: Ball 1-2: Ball 2-2: SOLO HOME RUN (Flyball, 78XD, EV 105.0 MPH), Distance : 445 ft
|
|
Batting: RHB Kelly Gruber
|
0-0: Ball 1-0: Ground out 4-3 (Groundball, 34, EV 86.3 MPH)
|
|
Batting: LHB Mark Gerard
|
0-0: Ball 1-0: Foul Ball, location: 2F 1-1: Ground out 4-3 (Groundball, 4, EV 86.9 MPH)
|
|
Batting: RHB Vaughn Calloway
|
0-0: Ball 1-0: Ball 2-0: Ball 3-0: Called Strike 3-1: Base on Balls
|
|
Batting: RHB Jerry Hidalgo
|
0-0: Called Strike 0-1: Ball 1-1: Foul Ball, location: 2F 1-2: Foul Ball, location: 2F 1-2: Fly out, F3 (Popup, 34S, EV 73.8 MPH)
|
| Top of the 3rd over - 1 run, 1 hit, 0 errors, 1 left on base; Sumter 3 - Anderson 3 |
| BOTTOM OF THE 3RD |
|
Anderson Rebels batting - Pitching for Sumter Gamecocks : LHP Gabe Diaz
|
|
Batting: RHB Mike Gallego
|
0-0: Called Strike 0-1: Ball 1-1: Ball 2-1: Ground out 1-3 (Groundball, 34S, EV 75.6 MPH)
|
|
Batting: RHB Steve Lombardozzi
|
0-0: Ball 1-0: Ball 2-0: Ball 3-0: Base on Balls
|
|
Batting: RHB Juan Blanco
|
0-0: Called Strike 0-1: Ball 1-1: Fly out, F8 (Line Drive, 8LD, EV 91.3 MPH)
|
|
Batting: LHB James Beck
|
0-0: Ball 1-0: Ball 2-0: Called Strike 2-1: Foul Ball, location: 2F 2-2: Fly out, F8 (Flyball, 89M, EV 85.6 MPH)
|
| Bottom of the 3rd over - 0 runs, 0 hits, 0 errors, 1 left on base; Sumter 3 - Anderson 3 |
| TOP OF THE 4TH |
|
Sumter Gamecocks batting - Pitching for Anderson Rebels : LHP Bobby Sprowl
|
|
Batting: RHB Claude Johnson
|
0-0: Ball 1-0: Ball 2-0: Called Strike 2-1: Ball 3-1: DOUBLE (Groundball, 5L, EV 101.9 MPH)
|
|
Batting: RHB Juan Hernandez
|
0-0: Ball Wild Pitch! Claude Johnson to third 1-0: Swinging Strike 1-1: Called Strike 1-2: Ground out 6-3 (Groundball, 6, EV 110.0 MPH) Claude Johnson scores
|
|
Batting: SHB John Cangelosi
|
0-0: Ball 1-0: Called Strike 1-1: Ball 2-1: Called Strike 2-2: Ball 3-2: Ground out 4-3 (Groundball, 4, EV 100.6 MPH)
|
|
Batting: LHB Antonio Tapia
|
0-0: Ball 1-0: Swinging Strike 1-1: Ball 2-1: Foul Ball, location: 2F 2-2: Foul Ball, location: 2F 2-2: Ball 3-2: Strikes out swinging
|
| Top of the 4th over - 1 run, 1 hit, 0 errors, 0 left on base; Sumter 4 - Anderson 3 |
| BOTTOM OF THE 4TH |
|
Anderson Rebels batting - Pitching for Sumter Gamecocks : LHP Gabe Diaz
|
|
Batting: LHB Dwight Lowry
|
0-0: SINGLE (Line Drive, 89M, EV 95.0 MPH)
|
|
Batting: RHB Roberto Dennis
|
0-0: Ball 1-0: Ball 2-0: Called Strike 2-1: Grounds into double play, 4-6-3 (Groundball, 4, EV 85.6 MPH)
|
|
Batting: LHB Tad Venger
|
0-0: Ball 1-0: DOUBLE (Flyball, 8RXD, EV 98.8 MPH)
|
|
Batting: RHB Henry Cotto
|
0-0: Ball 1-0: Ball 2-0: Swinging Strike 2-1: Swinging Strike 2-2: Ground out 4-3 (Groundball, 4, EV 75.6 MPH)
|
| Bottom of the 4th over - 0 runs, 2 hits, 0 errors, 1 left on base; Sumter 4 - Anderson 3 |
| TOP OF THE 5TH |
|
Sumter Gamecocks batting - Pitching for Anderson Rebels : LHP Bobby Sprowl
|
|
Batting: RHB Randy Washington
|
0-0: Foul Ball, location: 2F 0-1: Fly out, F8 (Flyball, 8LM, EV 92.5 MPH)
|
|
Batting: RHB Kelly Gruber
|
0-0: Ground out 4-3 (Groundball, 4, EV 106.3 MPH)
|
|
Batting: LHB Mark Gerard
|
0-0: Ball 1-0: Ball 2-0: Called Strike 2-1: Ball 3-1: Foul Ball, location: 2F 3-2: Base on Balls
|
|
Batting: RHB Vaughn Calloway
|
0-0: Called Strike 0-1: Swinging Strike 0-2: Ball 1-2: Strikes out swinging
|
| Top of the 5th over - 0 runs, 0 hits, 0 errors, 1 left on base; Sumter 4 - Anderson 3 |
| BOTTOM OF THE 5TH |
|
Anderson Rebels batting - Pitching for Sumter Gamecocks : LHP Gabe Diaz
|
|
Batting: RHB Guillermo Montiel
|
0-0: Ball 1-0: Ball 2-0: Swinging Strike 2-1: Ball 3-1: Called Strike 3-2: Foul Ball, location: 2F 3-2: Foul Ball, location: 2F 3-2: Foul Ball, location: 2F 3-2: Foul Ball, location: 2F 3-2: Base on Balls
|
|
Batting: RHB Mike Gallego
|
0-0: Foul Ball, location: 2F 0-1: Ball 1-1: Foul Ball, location: 2F 1-2: Ball 2-2: Ball 3-2: Base on Balls Guillermo Montiel to second
|
|
Batting: RHB Steve Lombardozzi
|
0-0: Called Strike 0-1: Called Strike Guillermo Montiel steals 3rd base (no throw) Mike Gallego to second 0-2: Fly out, F9 (Flyball, 9, EV 94.4 MPH) Runner from 3rd tags up, SCORES, no throw by RF
|
|
Batting: RHB Juan Blanco
|
0-0: Called Strike 0-1: Called Strike 0-2: Fly out, F9 (Flyball, 89D, EV 86.3 MPH) Runner from 2nd tags up, SAFE at 3rd, no throw by RF
|
|
Batting: LHB James Beck
|
0-0: Foul Ball, location: 2F 0-1: Called Strike 0-2: Ball 1-2: Ball 2-2: Ball 3-2: Foul Ball, location: 2F 3-2: SINGLE (Groundball, 6S, EV 73.1 MPH) (infield hit) Mike Gallego scores
|
|
Batting: LHB Dwight Lowry
|
0-0: Ball 1-0: Swinging Strike 1-1: Ball 2-1: Ground out U3 (Groundball, 34, EV 88.1 MPH)
|
| Bottom of the 5th over - 2 runs, 1 hit, 0 errors, 1 left on base; Sumter 4 - Anderson 5 |
| TOP OF THE 6TH |
|
Sumter Gamecocks batting - Pitching for Anderson Rebels : LHP Bobby Sprowl
|
|
Batting: RHB Jerry Hidalgo
|
0-0: Called Strike 0-1: Foul Ball, location: 2F 0-2: Ball 1-2: Foul Ball, location: 2F 1-2: Ball 2-2: Strikes out swinging
|
|
Batting: RHB Claude Johnson
|
0-0: Foul Ball, location: 2F 0-1: Ball 1-1: Ball 2-1: Foul Ball, location: 2F 2-2: DOUBLE (Line Drive, 7LM, EV 113.1 MPH)
|
|
Batting: RHB Juan Hernandez
|
0-0: Ground out 6-3 (Groundball, 6, EV 91.9 MPH)
|
|
Batting: SHB John Cangelosi
|
0-0: Called Strike 0-1: DOUBLE (Flyball, 9LD, EV 105.0 MPH) Claude Johnson scores
|
|
Batting: LHB Antonio Tapia
|
0-0: Ground out 4-3 (Groundball, 34, EV 105.6 MPH)
|
| Top of the 6th over - 1 run, 2 hits, 0 errors, 1 left on base; Sumter 5 - Anderson 5 |
| BOTTOM OF THE 6TH |
|
Anderson Rebels batting - Pitching for Sumter Gamecocks : LHP Gabe Diaz
|
|
Batting: RHB Roberto Dennis
|
0-0: Ball 1-0: Ball 2-0: Called Strike 2-1: Foul Ball, location: 2F 2-2: Foul Ball, location: 2F 2-2: Strikes out swinging
|
|
Batting: LHB Tad Venger
|
0-0: Fly out, F8 (Flyball, 8LM, EV 95.0 MPH)
|
|
Batting: RHB Henry Cotto
|
0-0: Called Strike 0-1: Ball 1-1: Ball 2-1: Ground out 4-3 (Groundball, 4, EV 105.0 MPH)
|
| Bottom of the 6th over - 0 runs, 0 hits, 0 errors, 0 left on base; Sumter 5 - Anderson 5 |
| TOP OF THE 7TH |
|
Sumter Gamecocks batting - Pitching for Anderson Rebels : LHP Bobby Sprowl
|
|
Batting: RHB Randy Washington
|
0-0: Called Strike 0-1: Foul Ball, location: 2F 0-2: Foul Ball, location: 2F 0-2: Foul Ball, location: 2F 0-2: DOUBLE (Line Drive, 78M, EV 96.9 MPH)
|
|
Batting: RHB Kelly Gruber
|
0-0: Intentional Walk
|
|
Batting: LHB Mark Gerard
|
0-0: Called Strike 0-1: Ball 1-1: Called Strike 1-2: Foul Ball, location: 2F 1-2: Ball 2-2: Grounds into double play, 3-6-3 (Groundball, 3, EV 85.0 MPH) Randy Washington to third
|
|
Batting: RHB Vaughn Calloway
|
0-0: Ball 1-0: Called Strike 1-1: Foul Ball, location: 2F 1-2: TRIPLE (Line Drive, 9LD, EV 106.3 MPH) Randy Washington scores
|
|
Pitching: LHP Jeffrey Kobernus
|
|
|
Batting: RHB Jerry Hidalgo
|
0-0: Ball 1-0: Ball 2-0: Ball 3-0: Base on Balls
|
|
Batting: RHB Claude Johnson
|
0-0: Ball 1-0: Fly out, F8 (Line Drive, 8RD, EV 85.0 MPH)
|
| Top of the 7th over - 1 run, 2 hits, 0 errors, 2 left on base; Sumter 6 - Anderson 5 |
| BOTTOM OF THE 7TH |
|
Anderson Rebels batting - Pitching for Sumter Gamecocks : LHP Gabe Diaz
|
|
Batting: RHB Guillermo Montiel
|
0-0: Ball 1-0: Called Strike 1-1: Ground out 5-3 (Groundball, 5, EV 103.1 MPH)
|
|
Batting: RHB Mike Gallego
|
0-0: Foul Ball, location: 2F 0-1: Foul Ball, location: 2F 0-2: Ball 1-2: Ball 2-2: Strikes out swinging
|
|
Batting: RHB Steve Lombardozzi
|
0-0: Ball 1-0: Foul Ball, location: 2F 1-1: Foul Ball, location: 2F 1-2: Fly out, F9 (Flyball, 9LM, EV 103.1 MPH)
|
| Bottom of the 7th over - 0 runs, 0 hits, 0 errors, 0 left on base; Sumter 6 - Anderson 5 |
| TOP OF THE 8TH |
|
Sumter Gamecocks batting - Pitching for Anderson Rebels : LHP Jeffrey Kobernus
|
|
Batting: RHB Juan Hernandez
|
0-0: Swinging Strike 0-1: Swinging Strike 0-2: Foul Ball, location: 2F 0-2: Ball 1-2: Strikes out swinging
|
|
Batting: SHB John Cangelosi
|
0-0: Called Strike 0-1: Foul Ball, location: 2F 0-2: Ball 1-2: Ball 2-2: Foul Ball, location: 2F 2-2: Strikes out swinging
|
|
Batting: LHB Antonio Tapia
|
0-0: Called Strike 0-1: Fly out, F9 (Line Drive, 9D, EV 83.8 MPH)
|
| Top of the 8th over - 0 runs, 0 hits, 0 errors, 0 left on base; Sumter 6 - Anderson 5 |
| BOTTOM OF THE 8TH |
|
Anderson Rebels batting - Pitching for Sumter Gamecocks : LHP Gabe Diaz
|
|
Batting: RHB Juan Blanco
|
0-0: Ball 1-0: Fly out, F8 (Flyball, 8RS, EV 90.6 MPH)
|
|
Batting: LHB James Beck
|
0-0: Ball 1-0: Ball 2-0: Called Strike 2-1: Foul Ball, location: 2F 2-2: Foul Ball, location: 2F 2-2: Foul Ball, location: 2F 2-2: SINGLE (Groundball, 4S, EV 61.3 MPH) (infield hit)
|
|
Pitching: RHP Kurt Mattson
|
|
|
Batting: LHB Dwight Lowry
|
0-0: Ball 1-0: Foul Ball, location: 2F 1-1: Foul Ball, location: 2F 1-2: Foul Ball, location: 2F 1-2: Ball 2-2: Foul Ball, location: 2F 2-2: 2-RUN HOME RUN (Flyball, 9LD, EV 94.4 MPH), Distance : 372 ft
|
|
Batting: RHB Roberto Dennis
|
0-0: Ball 1-0: Ball 2-0: Ball 3-0: Base on Balls
|
|
Batting: LHB Tad Venger
|
0-0: Ball Roberto Dennis steals 2nd base 1-0: Swinging Strike 1-1: Ball Roberto Dennis steals 3rd base (no throw) 2-1: SINGLE (Groundball, 6M, EV 96.3 MPH) Roberto Dennis scores
|
|
Batting: RHB Henry Cotto
|
0-0: Ball Tad Venger steals 2nd base 1-0: Intentional Walk
|
|
Batting: RHB Guillermo Montiel
|
0-0: Ball 1-0: Foul Ball, location: 2F 1-1: Ball 2-1: Ball 3-1: Swinging Strike 3-2: Base on Balls Tad Venger to third Henry Cotto to second
|
|
Batting: RHB Mike Gallego
|
0-0: Called Strike 0-1: TRIPLE (Line Drive, 89XD, EV 95.6 MPH) Tad Venger scores Henry Cotto scores Guillermo Montiel scores
|
|
Pitching: RHP Dave Wareham
|
|
|
Batting: RHB Steve Lombardozzi
|
0-0: Reached on error, E8 (Line Drive, 8LD, EV 98.1 MPH) Mike Gallego scores
|
|
Batting: RHB Juan Blanco
|
0-0: Foul Ball, location: 2F 0-1: Fly out, F7 (Flyball, 78M, EV 93.8 MPH)
|
|
Batting: LHB James Beck
|
0-0: TRIPLE (Line Drive, 78XD, EV 105.6 MPH) Steve Lombardozzi scores
|
|
Batting: LHB Dwight Lowry
|
0-0: Called Strike 0-1: Ball 1-1: Fly out, F9 (Flyball, 9S, EV 95.6 MPH)
|
| Bottom of the 8th over - 8 runs, 5 hits, 1 error, 1 left on base; Sumter 6 - Anderson 13 |
| TOP OF THE 9TH |
|
Sumter Gamecocks batting - Pitching for Anderson Rebels : LHP Jeffrey Kobernus
|
|
Batting: RHB Randy Washington
|
0-0: Ball 1-0: Ball 2-0: Ball 3-0: Base on Balls
|
|
Batting: RHB Kelly Gruber
|
0-0: Foul Ball, location: 2F 0-1: Called Strike 0-2: Ball 1-2: Fly out, F4 (Line Drive, 4, EV 69.4 MPH)
|
|
Batting: LHB Mark Gerard
|
0-0: Called Strike 0-1: Ball 1-1: Called Strike 1-2: Grounds into double play, 3-6-3 (Groundball, 3, EV 83.1 MPH)
|
| Top of the 9th over - 0 runs, 0 hits, 0 errors, 0 left on base; Sumter 6 - Anderson 13 |
|